 Dungeon Crawl Stone Soup version 0.22.1-1-ga44c0e5 (webtiles) character file.

7921 MalarOregon the Basher (level 11, -9/97 HPs)
             Began as a Minotaur Fighter on Sept 24, 2018.
             Was a Believer of Kikubaaqudgha.
             Splashed by an acid dragon's acid (15 damage)
             ... on level 11 of the Dungeon.
             The game lasted 00:17:26 (10419 turns).

MalarOregon the Basher (Minotaur Fighter)          Turns: 10419, Time: 00:17:27

Health: -9/97      AC:  1    Str: 24    XL:     11   Next: 3%
Magic:  10/10      EV: 11    Int:  5    God:    Kikubaaqudgha [**....]
Gold:   522        SH: 18    Dex: 10    Spells: 10/10 levels left

rFire    . . .     SeeInvis .   a - +0 flail
rCold    . . .     Gourm    .   h - +1 large shield
rNeg     . . .     Faith    .   D - +0 troll leather armour
rPois    .         Spirit   .   (helmet restricted)
rElec    .         Reflect  .   w - +1 cloak
rCorr    .         Harm     .   (no gloves)
MR       .....                  b - +0 pair of boots
Stlth    +.........             (no amulet)
HPRegen  0.66/turn              (no ring)
MPRegen  0.12/turn              (no ring)

@: corroded
A: retaliatory headbutt, horns 2
a: Receive Corpses, Renounce Religion


You were on level 11 of the Dungeon.
You worshipped Kikubaaqudgha.
Kikubaaqudgha was pleased with you.
You were hungry.

You visited 2 branches of the dungeon, and saw 12 of its levels.
You also visited: Sewer.

You collected 522 gold pieces.

Inventory:

Hand Weapons
 a - a +0 flail (weapon)
Missiles
 l - 3 throwing nets (quivered) {!f}
Armour
 b - a +0 pair of boots (worn)
   (You found it on level 10 of the Dungeon)
 h - a +1 large shield (worn)
   (You found it on level 1 of the Dungeon)
 w - a +1 cloak (worn)
   (You found it on level 5 of the Dungeon)
 D - a +0 troll leather armour (worn)
   (You found it on level 9 of the Dungeon)
Jewellery
 u - an uncursed ring of ice
   (You found it on level 4 of the Dungeon)
 I - a +6 ring of strength {unknown}
   (You took it off a centaur on level 10 of the Dungeon)
Wands
 E - a wand of polymorph (7)
   (You found it on level 7 of the Dungeon)
Scrolls
 d - a scroll of torment {unknown}
 g - 3 scrolls of fear
 i - 13 scrolls of identify {@r1}
 j - 7 scrolls of enchant armour
 k - 3 scrolls of remove curse {@r2}
 o - 2 scrolls of random uselessness {unknown}
 r - 3 scrolls of teleportation {@r4}
 s - 2 scrolls of immolation {unknown}
 t - a scroll of magic mapping {unknown}
 x - a scroll of enchant weapon {unknown}
 y - 2 scrolls of blinking {unknown}
 z - 2 scrolls of amnesia {unknown}
 C - a scroll of fog {unknown}
Potions
 c - a potion of heal wounds {@q2}
 m - 2 potions of brilliance {unknown}
 n - 4 potions of cancellation {unknown}
 p - a potion of mutation {unknown}
 q - a potion of flight {unknown}
 v - 4 potions of curing {@q1}
 B - a potion of degeneration {unknown}
 F - 3 potions of magic {unknown}
Comestibles
 e - 16 rations {!d}


   Skills:
 * Level 9.5 Fighting
 * Level 10.5 Maces & Flails
 + Level 5.9 Throwing
 + Level 8.3 Armour
 + Level 6.4 Dodging
 + Level 8.0 Shields
 + Level 2.8 Necromancy


You had 10 spell levels left.
You didn't know any spells.
Your spell library contained the following spells:

 Spells                   Type           Power        Failure   Level  Hunger
 Animate Skeleton         Necr           N/A          87%         1    ##.....
 Pain                     Necr           #...         87%         1    ##.....
 Sublimation of Blood     Necr           #.........   95%         2    ###....
 Sting                    Conj/Pois      #...         99%         1    ##.....
 Poisonous Vapours        Pois/Air       #.....       100%        2    ###....
 Mephitic Cloud           Conj/Pois/Air  #.......     100%        3    ####...
 Regeneration             Chrm/Necr      #.........   100%        3    ####...
 Olgreb's Toxic Radiance  Pois           #.......     100%        4    #####..
 Venom Bolt               Conj/Pois      #.........   100%        5    ######.


Dungeon Overview and Level Annotations

Branches:
Dungeon (11/15)            Temple (1/1) D:6             Orc (0/2) D:10
   Lair: D:8-11

Altars:
Ashenzari
Cheibriados
Dithmenos
Elyvilon
Fedhas
Gozag
Hepliaklqana
Kikubaaqudgha
Makhleb
Nemelex Xobeh
Okawaru
Qazlal
Ru
Sif Muna
Trog
Uskayaw
Vehumet
Wu Jian
Xom
Yredelemnul
Zin
The Shining One

Shops:
D:6 :   D:7 %


Innate Abilities, Weirdness & Mutations

You reflexively headbutt those who attack you in melee.
You have a pair of horns on your head.


Message History

You kill the shadow imp!
Kikubaaqudgha accepts your kill.
The gnoll sergeant hits you from afar with a spear of flaming.
The gnoll sergeant burns you. You block the gnoll sergeant's attack.
You sock the gnoll sergeant!
Your headbutt misses the gnoll sergeant.
You block the gnoll sergeant's attack.
You sock the gnoll sergeant!
You are feeling hungry.
You block the gnoll sergeant's attack.
You barely miss the gnoll sergeant.
You headbutt the gnoll sergeant, but do no damage.
You block the gnoll sergeant's attack.
You closely miss the gnoll sergeant.
Your headbutt misses the gnoll sergeant.
You block the gnoll sergeant's attack. x2
You hit the gnoll sergeant but do no damage.
You block the gnoll sergeant's attack.
You hit the gnoll sergeant.
You kill the gnoll sergeant!
Kikubaaqudgha accepts your kill. The acid dragon bites you.
The acid dragon claws you but does no damage.
You hit the acid dragon but do no damage.
You thump the acid dragon!
You headbutt the acid dragon, but do no damage.
The acid dragon spits acid at you. The splash of acid hits you!
* * * LOW HITPOINT WARNING * * *
The acid corrodes you!
You are splashed with acid!
The acid burns!
* * * LOW HITPOINT WARNING * * *
The acid dragon bites you but does no damage.
You block the acid dragon's attack.
Things that are here:
a war axe; a robe The acid dragon spits acid at you.
The splash of acid hits you!
* * * LOW HITPOINT WARNING * * *
The acid corrodes you!
You are splashed with acid!
The acid burns!
* * * LOW HITPOINT WARNING * * *
You hear a shout!
Things that are here:
a hand axe; a robe The acid dragon spits acid at you.
The splash of acid hits you!
* * * LOW HITPOINT WARNING * * *
You are splashed with acid!
The acid burns!
You die...
Kikubaaqudgha rasps: "You have failed me!
Welcome... death!"

#.......# #.......# #
#.......# #. #.......#
#..# .###§##.......# ...
##§§§§≈§.......# #..
#≈§§(§≈≈.####.......
#§§§§(≈≈.### #####.#
#≈§(_§(§.@.#######.#
#≈.(≈≈≈≈.....DO.##)#####g.
#§≈.≈.≈≈.#.##.#.##.O).gO..
#≈≈.≈≈..#.##.#)##)#####..
###.##.##.....)..)#
#....##.##)#.##.#
####.......#.##.#
####......##.# #########..


You could see a two-headed ogre and an acid dragon.

Vanquished Creatures
  A manticore (D:10)
  Psyche (D:11)
  4 trolls
  2 hippogriffs
  4 yaks (D:10)
  A hungry ghost (D:9)
  A steam dragon (D:11)
  Menkaure (D:6)
  2 water moccasins
  4 orc warriors
  Purgy (Sewer)
  A black bear (D:7)
  An ice beast (D:10)
  An eye of draining (D:9)
  2 sky beasts (D:8)
  4 centaurs
  7 ogres
  3 big kobolds (D:10)
  A wyvern zombie (D:9)
  3 bullfrogs
  2 gnoll sergeants
  2 scorpions
  3 killer bees (D:8)
  9 wights
  A howler monkey (D:4)
  A bullfrog zombie (D:11)
  2 centaur zombies
  7 crimson imps
  3 quasits
  5 hounds
  4 bullfrog skeletons
  A centaur skeleton (D:9)
  2 orc priests (D:9)
  2 jellies
  Jessica (D:2)
  6 orc wizards
  Natasha (thrice) (D:3)
  4 iguanas
  4 worker ants
  A howler monkey zombie (D:5)
  17 gnolls
  10 adders
  2 shadow imps
  2 adder zombies
  4 worms
  6 leopard geckos
  20 orcs
  6 giant cockroaches
  7 goblins
  3 hobgoblins
  11 jackals
  11 kobolds
  3 quokkas
  3 bats
  4 frilled lizards
  7 rats
224 creatures vanquished.

Vanquished Creatures (others)
  A troll (D:11)
  An ogre (D:11)
  A scorpion (D:11)
  A howler monkey (D:11)
4 creatures vanquished.

Grand Total: 228 creatures vanquished

Notes
Turn   | Place    | Note
-------+----------+-------------------------------------------
     0 | D:1      | MalarOregon the Minotaur Fighter began the quest for the
                  | Orb.
     0 | D:1      | Reached XP level 1. HP: 19/19 MP: 0/0
   219 | D:1      | Reached XP level 2. HP: 27/27 MP: 1/1
   335 | D:1      | Reached skill level 3 in Maces & Flails
   747 | D:2      | Reached XP level 3. HP: 32/33 MP: 2/2
   759 | D:2      | Noticed Jessica
   764 | D:2      | Killed Jessica
   764 | D:2      | Reached skill level 1 in Dodging
  1074 | D:2      | Found a deep blue altar of Sif Muna.
  1251 | D:3      | Reached XP level 4. HP: 30/40 MP: 3/3
  1271 | D:3      | Reached skill level 1 in Throwing
  1456 | D:3      | Noticed Natasha
  1466 | D:3      | Killed Natasha
  1474 | D:3      | Reached skill level 4 in Maces & Flails
  1474 | D:3      | Reached XP level 5. HP: 35/47 MP: 4/4
  1484 | D:3      | Noticed Natasha
  1504 | D:3      | Killed Natasha
  1644 | D:3      | Noticed Natasha
  1650 | D:3      | Killed Natasha
  1835 | D:3      | Found a glowing drain.
  1844 | Sewer    | Entered a sewer
  2039 | Sewer    | Noticed Purgy
  2046 | Sewer    | Killed Purgy
  2046 | Sewer    | Reached XP level 6. HP: 47/53 MP: 5/5
  2577 | D:4      | Reached skill level 5 in Maces & Flails
  2621 | D:4      | Found a white marble altar of Elyvilon.
  3130 | D:3      | Found a shadowy altar of Dithmenos.
  3356 | D:5      | Entered Level 5 of the Dungeon
  3536 | D:5      | Found a hide-covered altar of Uskayaw.
  3576 | D:5      | Reached XP level 7. HP: 53/60 MP: 6/6
  3582 | D:5      | Reached skill level 5 in Fighting
  3582 | D:5      | Reached skill level 5 in Armour
  3582 | D:5      | Reached skill level 5 in Shields
  4222 | D:5      | Reached skill level 6 in Maces & Flails
  4748 | D:6      | Reached XP level 8. HP: 51/69 MP: 7/7
  4872 | D:6      | Noticed Menkaure
  4878 | D:6      | Killed Menkaure
  4935 | D:6      | Found Riphar's Book Shop.
  5149 | D:6      | Found a staircase to the Ecumenical Temple.
  5310 | D:7      | Found an opulent altar of Gozag.
  5507 | D:7      | Found a glowing silver altar of Zin.
  5532 | D:7      | Reached skill level 7 in Maces & Flails
  5628 | Temple   | Entered the Ecumenical Temple
  5734 | Temple   | Became a worshipper of Kikubaaqudgha
  5864 | D:7      | Found Fug Nues's Food Shoppe.
  6101 | D:8      | Found a hazy altar of Hepliaklqana.
  6650 | D:8      | Noticed a hippogriff
  6661 | D:8      | Killed a hippogriff
  6754 | D:8      | Reached XP level 9. HP: 38/78 MP: 8/8
  7265 | D:8      | Reached skill level 8 in Maces & Flails
  7907 | D:9      | Noticed Maurice
  7922 | D:9      | Noticed Maurice
  7925 | D:9      | Killed Maurice the eye of draining
  8037 | D:9      | Reached skill level 1 in Necromancy
  8393 | D:9      | Reached skill level 5 in Dodging
  8440 | D:9      | Noticed a troll
  8452 | D:9      | Killed a troll
  8585 | D:9      | Reached * piety under Kikubaaqudgha
  8585 | D:9      | Identified Kikubaaqudgha's Grimoire of Stolen Souls
                  | (Kikubaaqudgha gifted it to you on level 9 of the Dungeon)
  8585 | D:9      | Received a gift from Kikubaaqudgha
  8596 | D:9      | Found a basalt altar of Yredelemnul.
  8596 | D:9      | Found a bloodstained altar of Trog.
  8603 | D:9      | Reached skill level 9 in Maces & Flails
  8604 | D:9      | Found a sparkling altar of Nemelex Xobeh.
  8620 | D:9      | Found an ornate altar of the Wu Jian Council.
  8656 | D:9      | Noticed a troll
  8665 | D:9      | Killed a troll
  8707 | D:9      | Reached skill level 5 in Throwing
  8735 | D:9      | Noticed a troll
  8744 | D:9      | Killed a troll
  8744 | D:9      | Reached XP level 10. HP: 52/88 MP: 9/9
  9303 | D:10     | Entered Level 10 of the Dungeon
  9693 | D:10     | Noticed a manticore
  9702 | D:10     | Killed a manticore
  9846 | D:10     | Reached ** piety under Kikubaaqudgha
  9928 | D:10     | Found a staircase to the Orcish Mines.
  9945 | D:10     | Reached skill level 10 in Maces & Flails
 10280 | D:11     | Found a shimmering altar of Xom.
 10381 | D:11     | Noticed Psyche
 10384 | D:11     | Noticed a two-headed ogre
 10388 | D:11     | Noticed a two-headed ogre
 10394 | D:11     | Killed Psyche
 10394 | D:11     | Reached XP level 11. HP: 51/97 MP: 10/10
 10419 | D:11     | Splashed by an acid dragon's acid

Skill      XL: |  1  2  3  4  5  6  7  8  9 10 |
---------------+-------------------------------+-----
Maces & Flails | 3 4 5 6 7 9 10 | 10.5
Fighting       | 4 5 6 8 9 |  9.5
Armour         | 4 5 6 7 8 |  8.3
Dodging        | 1 2 3 4 5 6 |  6.4
Shields        | 4 5 6 7 8 |  8.0
Throwing       | 1 2 3 4 5 |  5.9
Necromancy     | 1 2 |  2.8

Action                   |  1- 3 |  4- 6 |  7- 9 | 10-12 || total
-------------------------+-------+-------+-------+-------++-------
Melee: Flail             |    72 |   200 |   432 |   272 ||   976
       Headbutt          |    11 |    27 |    64 |    64 ||   166
Throw: Javelin           |       |       |       |     8 ||     8
       Tomahawk          |       |       |       |     5 ||     5
Evoke: Wand              |       |       |     2 |       ||     2
  Use: Scroll            |     6 |       |     1 |       ||     7
       Potion            |       |     1 |     3 |     2 ||     6
 Stab: Invisible         |       |       |     1 |       ||     1
  Eat: Chunk             |     1 |     8 |    19 |     6 ||    34
Armor: Scale mail        |    19 |    58 |   137 |       ||   214
       Troll leather arm |       |       |     7 |    47 ||    54
Dodge: Dodged            |    14 |    33 |   111 |    89 ||   247
Block: Large shield      |    50 |   196 |   408 |   250 ||   904
       Shield            |     1 |       |       |       ||     1
